 Dungeon Crawl Stone Soup version 0.30-b1-2-g02819fbbbe (webtiles) character file.

Game seed: 6602863536904578860

786 Fartwhistle the Changer (level 7, -3/46 HPs)
             Began as an Octopode Transmuter on May 25, 2023.
             Slain by an iguana (9 damage)
             ... on level 4 of the Dungeon.
             The game lasted 00:13:27 (4734 turns).

Fartwhistle the Changer (Octopode Transmuter)       Turns: 4734, Time: 00:13:27

Health: -3/46      AC:  2    Str:  9    XL:     7   Next: 86%
Magic:  11/13      EV: 19    Int: 18    God:
Gold:   210        SH:  0    Dex: 17    Spells: 11/15 levels left

rFire   . .          .
                       - Unarmed
rCold   . . .        (shield currently unavailable)
rNeg    . . .        (helmet currently unavailable)
rPois   .            (no amulet)
rElec   .            i - ring of poison resistance
rCorr   .            (no ring)
SInv    .            (no ring)
Will    .....        (no ring)
Stlth   ++           (no ring)
HPRegen 0.27/turn    (no ring)
MPRegen 0.13/turn    (no ring)
                     (no ring)

%: no passive effects
@: spider-form
A: venomous fangs, almost no armour, (amphibious), 8 rings, tiny, (camouflage
1), (gelatinous body 1), (nimble swimmer 1), (tentacles)
a: End Transformation


You were on level 4 of the Dungeon.
You were a venomous arachnid creature.
You visited 1 branch of the dungeon, and saw 5 of its levels.
You also visited: Ossuary.

You collected 210 gold pieces.

Inventory:

Missiles
 r - 2 boomerangs
 x - 4 atropa-tipped darts
Armour
 t - the +0 buckler "Ajijef" {Harm SInv}
   (You found it on level 4 of the Dungeon)

   SInv:      It lets you see invisible.
   Harm:      It increases damage dealt and taken.
Jewellery
 i - a ring of poison resistance (left front pincers)
Wands
 m - a wand of flame (15)
 o - a wand of polymorph (20)
Scrolls
 b - a scroll of fear
 c - a scroll of poison
 g - a scroll of identify
 h - a scroll of amnesia {unknown}
 j - a scroll of immolation {unknown}
 k - 4 scrolls of teleportation
 l - 4 scrolls of vulnerability
 n - a scroll of enchant weapon
 p - a scroll of fog {unknown}
 q - 2 scrolls of blinking {unknown}
 w - 3 scrolls of magic mapping {unknown}
Potions
 a - a potion of lignification
 d - 2 potions of heal wounds
 e - 3 potions of curing
 f - 2 potions of brilliance
 s - 2 potions of attraction {unknown}
 u - 2 potions of might {unknown}
 v - a potion of flight


   Skills:
 + Level 3.0 Fighting
 - Level 2.0 Dodging
 + Level 4.2 Unarmed Combat
 + Level 4.5 Spellcasting
 + Level 4.9 Transmutations
 - Level 3.5 Poison Magic


You had 11 spell levels left.
You knew the following spells:

 Your Spells              Type           Power      Damage    Failure   Level
a - Beastly Appendage     Tmut           44%        N/A       8%          1
b - Spider Form           Tmut/Pois      19%        N/A       21%         3

Your spell library contained the following spells:

 Spells                   Type           Power      Damage    Failure   Level
 Wereblood                Tmut           22%        N/A       10%         2
 Passwall                 Tmut/Erth      10%        N/A       21%         2
 Sandblast                Erth           8%         2d5       32%         1
 Slow                     Hex            16%        N/A       32%         1
 Confusing Touch          Hex            4%         N/A       61%         3
 Stone Arrow              Conj/Erth      8%         3d7       61%         3
 Vampiric Draining        Necr           4%         2d6       61%         3
 Volatile Blastmotes      Fire/Tloc      8%         2d10      61%         3
 Ice Form                 Ice/Tmut       13%        N/A       67%         4
 Fulminant Prism          Conj/Hex       2%         3d5       92%         4
 Iskenderun's Mystic Bla  Conj/Tloc      4%         2d3       92%         4
 Lee's Rapid Deconstruct  Erth           2%         3d4*      99%         5
 Borgnjor's Revivificati  Necr           2%         N/A       100%        8
 Necromutation            Tmut/Necr      6%         N/A       100%        8
 Death's Door             Necr           2%         N/A       100%        9


Dungeon Overview and Level Annotations

Branches:
Dungeon (5/15)            Ossuary (visited)
 Temple: D:4-7

Altars:
Ru
Vehumet

Shops:
D:4 *

Annotations:
D:2 1 runed translucent door, Crazy Yiuf
D:5 Eustachio, Sigmund


Innate Abilities, Weirdness & Mutations

You are a venomous arachnid creature.
You have venomous fangs.
You are tiny and dextrous.
Your spellcasting is less reliable in this form.
Your armour is entirely melded.
You are incapable of wielding weapons or throwing items.
You cannot wear most types of armour.
((You are amphibious.))
You can wear up to eight rings at the same time.
((Your skin changes colour to match your surroundings (Stealth+).))
((Your rubbery body absorbs attacks. (AC +1, EV +1)))
((You are camouflaged when in or above water. (Stealth+)))
((You have tentacles for arms and can constrict up to eight enemies at once.))


Message History

The orc attacks as you move away! The orc misses you.
The iguana attacks as you move away! The iguana misses you.
Eustachio shouts!
There is a stone staircase leading up here.
The orc hits you but does no damage. The iguana completely misses you.
You climb upwards.
Your transformation is almost over.
There is a stone staircase leading down here.
The iguana closely misses you.
You hit the orc but do no damage.
The orc is poisoned.
The orc hits you with a +0 short sword. The orc attacks as you move away!
The orc misses you. The orc attacks as you move away!
The orc hits you with a +0 short sword.
You hit the orc but do no damage.
The orc is almost dead.
Your transformation has ended.
The orc hits you with a +0 short sword. The orc attacks as you move away!
The orc hits you with a +0 short sword.
Casting: Spider Form (dangerous; 8% risk of failure)
Confirm with . or Enter, or press ? or * to list all spells.
You turn into a venomous arachnid creature.
The orc hits you with a +0 short sword.
You hit the orc.
You kill the orc!
You hit the iguana.
The iguana is lightly wounded.
The iguana bites you!
* * * LOW HITPOINT WARNING * * *
You hit the iguana.
The iguana is poisoned.
The iguana is moderately wounded.
The iguana misses you. The iguana attacks as you move away!
The iguana bites you but does no damage.
There is an open door here.
The iguana attacks as you move away! The iguana bites you.
* * * LOW HITPOINT WARNING * * *
The iguana hisses menacingly.
There is a sacrificial altar of Ru here.
The iguana attacks as you move away! The iguana bites you!
You die...

#......# ##....###### ##......#
#..........#
........########......###.#
##......##............#...#
......###...'#######+.#.###
......###.#.#)..#...#.#.#
..........#.#.[.#...#.#.##
......#####.#.......###..#
........##..###.s.####...#
#######.##.##....l..#....#
#.##..#...#...#...##
#######.##..#...#...#...#
............+#######'...#
....###..#..............#
....###..#.#...>........########
.........#......#..............#
....#...........#.[#...........#


You could see an iguana (poisoned).

Vanquished Creatures
  3 elf zombies (Ossuary)
  A howler monkey (D:4)
  2 centaur zombies (Ossuary)
  A human zombie (Ossuary)
  3 hounds
  An iguana (D:3)
  An orc wizard (D:4)
  Natasha (thrice) (D:3)
  3 hound zombies (Ossuary)
  3 mummies (Ossuary)
  3 adders
  8 adder zombies (Ossuary)
  A worm (D:3)
  2 dart slugs
  4 orcs
  3 ball pythons
  6 bats
  8 endoplasms
  A giant cockroach (D:1)
  2 gnoll zombies (Ossuary)
  6 goblins
  6 hobgoblins
  5 jackals (D:4)
  10 kobolds
  2 quokkas
  3 frilled lizards
  3 hobgoblin zombies (Ossuary)
  A jackal zombie (Ossuary)
  3 kobold zombies (Ossuary)
  An orc zombie (Ossuary)
  2 quokka zombies (Ossuary)
  5 rats
  7 rat zombies (Ossuary)
113 creatures vanquished.

Notes
Turn   | Place    | Note
-------+----------+-------------------------------------------
     0 | D:1      | Fartwhistle the Octopode Transmuter began the quest for the
                  | Orb.
     0 | D:1      | Reached XP level 1. HP: 13/13 MP: 3/3
   217 | D:1      | Reached XP level 2. HP: 13/18 MP: 5/5
   622 | D:2      | Reached XP level 3. HP: 23/23 MP: 4/6
   717 | D:2      | Found a radiant altar of Vehumet.
   987 | D:2      | Found a runed translucent door.
   988 | D:2      | Noticed Crazy Yiuf
  1283 | D:3      | Learned a level 3 spell: Spider Form
  1400 | D:3      | Noticed Natasha
  1409 | D:3      | Killed Natasha
  1410 | D:3      | Reached skill level 1 in Poison Magic
  1410 | D:3      | Reached XP level 4. HP: 9/28 MP: 6/8
  1892 | D:3      | Noticed Natasha
  1897 | D:3      | Killed Natasha
  1898 | D:3      | Reached XP level 5. HP: 33/33 MP: 5/10
  2223 | D:4      | Found a radiant altar of Vehumet.
  2223 | D:4      | Found Zynysch Ycwo's Overcharged Wands.
  2301 | D:3      | Noticed Natasha
  2309 | D:3      | Killed Natasha
  2358 | D:4      | Identified the +0 buckler "Ajijef" {Harm SInv}
  2462 | D:4      | Reached XP level 6. HP: 32/38 MP: 9/11
  2463 | D:4      | Identified the +1 ring mail of the Wild Haggis {Str+2}
  2475 | D:4      | Found a sacrificial altar of Ru.
  2506 | D:4      | Found a sand-covered staircase.
  2517 | Ossuary  | Entered an ossuary
  3375 | Ossuary  | Reached XP level 7. HP: 21/45 MP: 13/13
  4456 | D:5      | Entered Level 5 of the Dungeon
  4554 | D:5      | Noticed Eustachio
  4612 | D:5      | Noticed Sigmund
  4734 | D:4      | Slain by an iguana

Illustrated notes

Levels and vault maps discovered:
D:1:      dpeg_arrival_tiny_b, layout_basic
D:2:      layout_loops_cross, basic_altar, uniq_crazy_yiuf_cottage, uniq_natasha
D:3:      layout_basic, kennysheep_generic_room_10
D:4:      layout_rooms, nicolae_ru_great_annihilating_truth,
          vehumet_altar_wand_db, nicolae_ossuary_entry_monument,
          nicolae_shop_overcharged_wands
D:5:      kennysheep_steamy, layout_rooms, minmay_temple_entry_glass,
          hangedman_glass_teeth, minmay_starry_boxes, uniq_eustachio,
          uniq_sigmund

Skill      XL: |  1  2  3  4  5  6  7 |
---------------+----------------------+-----
Transmutations | 3 4 |  4.9
Spellcasting   | 3 4 |  4.5
Poison Magic   | 1 2 3 |  3.5
Fighting       | 2 3 |  3.0
Unarmed Combat | 4 |  4.2
Dodging        | |  2.0

Action                     |  1- 3 |  4- 6 |  7- 9 || total
---------------------------+-------+-------+-------++-------
  Melee: Unarmed           |    66 |   195 |   125 ||   386
         Constrict         |    18 |    32 |    11 ||    61
         Tentacles         |    15 |    36 |    16 ||    67
         Kick              |     9 |    14 |       ||    23
         Punch             |     1 |     6 |     4 ||    11
   Cast: Beastly Appendage |     9 |    11 |       ||    20
         Spider Form       |       |     9 |     6 ||    15
  Evoke: Wand              |       |     7 |       ||     7
    Use: Scroll            |       |     3 |     5 ||     8
   Stab: Sleeping          |     5 |     2 |     1 ||     8
         Paralysed         |       |       |     1 ||     1
 Armour: Skin              |     9 |    12 |     9 ||    30
  Dodge: Dodged            |    32 |   141 |    90 ||   263
